 Dungeon Crawl Stone Soup version 0.31-a0-702-gf82c85558f (webtiles) character file.

Game seed: 14299294857282690861

17581 qw the Marksgargoyle (level 12, -4/77 HPs)
             Began as a Gargoyle Hunter on Sept 8, 2023.
             Was a High Priest of Okawaru.
             Slain by a water moccasin (6 damage)
             ... on level 11 of the Dungeon.
             The game lasted 00:05:02 (9960 turns).

qw the Marksgargoyle (Gargoyle Hunter)              Turns: 9960, Time: 00:05:03

Health: -4/77      AC: 20    Str: 16    XL:     12   Next: 49%
Magic:  18/18      EV: 17    Int: 12    God:    Okawaru [*****.]
Gold:   116        SH:  0    Dex: 17    Spells: 11/11 levels left

rFire   + + .        s - +8 arbalest "Vearepp" {penet, rF+ rCorr Int+2}
rCold   + . .        (shield currently unavailable)
rNeg    + . .        q - +3 leather armour {rF+}
rPois   inf          m - +0 helmet
rElec   +            o - +0 cloak
rCorr   +            n - +0 pair of gloves
SInv    +            (no boots)
Will    .....        c - amulet of faith
Stlth   +++          g - ring of see invisible
HPRegen 0.32/turn    f - ring of protection from cold
MPRegen 0.16/turn

%: faith
@: about to teleport, heroic, marked
A: sickness immunity, AC +8, negative energy resistance 1, electricity
resistance, torment resistance 1, petrification resistance
a: Renounce Religion, Heroism, Finesse, Duel


You were on level 11 of the Dungeon.
You worshipped Okawaru.
Okawaru was extremely pleased with you.
You visited 2 branches of the dungeon, and saw 12 of its levels.

You collected 636 gold pieces.
You spent 520 gold pieces at shops.


Innate Abilities, Weirdness & Mutations

You are immune to sickness and miasma.
Your stone body is resilient. (AC +8)
You are immune to poison.
You resist negative energy. (rN+)
You are resistant to electric shocks. (rElec)
You are resistant to unholy torment.
You are immune to petrification.


   Skills:
 - Level 10.0(15.0) Fighting
 + Level 15.2(20.2) Ranged Weapons
 - Level 4.0(9.0) Armour
 - Level 5.0(10.0) Dodging
 - Level 1.1(6.1) Stealth
 + Level 8.5 Invocations


You had 11 spell levels left.
You didn't know any spells.
Your spell library was empty.

Inventory:

Hand Weapons
 s - the +8 arbalest "Vearepp" (weapon) {penet, rF+ rCorr Int+2}
   (You bought it in a shop on level 9 of the Dungeon)

   Int+2:     It affects your intelligence (+2).
   rF+:       It protects you from fire.
   rCorr:     It protects you from acid and corrosion.
Armour
 h - a +1 ring mail of cold resistance
 k - the +0 ring mail of Hawkay {Regen+}
   (You found it on level 5 of the Dungeon)

   Regen+:    It increases your rate of health regeneration.
 m - a +0 helmet (worn)
 n - a +0 pair of gloves (worn)
 o - a +0 cloak (worn)
 q - a +3 leather armour of fire resistance (worn)
Jewellery
 c - an amulet of faith (around neck)
 e - a ring of fire
 f - a ring of protection from cold (right hand)
 g - a ring of see invisible (left hand)
 u - a +6 ring of strength
Scrolls
 a - 5 scrolls of identify
 j - 2 scrolls of teleportation
 v - 3 scrolls of enchant weapon
Potions
 b - 3 potions of curing
 d - 3 potions of cancellation
 i - a potion of haste
 l - a potion of might
 p - a potion of magic
 r - 3 potions of mutation

Dungeon Overview and Level Annotations

Branches:
Dungeon (11/15)            Temple (1/1) D:7             Orc (0/2) D:9
   Lair: D:8-11

Altars:
Ashenzari
Cheibriados
Dithmenos
Elyvilon
Fedhas
Gozag
Hepliaklqana
Kikubaaqudgha
Makhleb
Nemelex Xobeh
Okawaru
Qazlal
Ru
Sif Muna
Trog
Uskayaw
Vehumet
Wu Jian
Xom
Yredelemnul
Zin
The Shining One

Shops:
D:4 =   D:9 (?*

Annotations:
D:2 1 runed translucent door, Crazy Yiuf
D:10 1 runed translucent door, qw's ghost, novice GrHu
D:11 3 runed translucent doors, limozeen581's ghost, journeyman DEHW


Message History

Magic restored.
You shoot a bolt. The bolt pierces through the centaur.
The centaur is lightly wounded.
The centaur wields a +0 orcbow.
The centaur shoots an arrow.
The arrow closely misses you.
A centaur comes into view.
You shoot a bolt. The bolt pierces through the centaur!!
You kill the centaur!
Okawaru accepts your kill.
The centaur wields a +0 orcbow.
The centaur shoots an arrow.
The arrow hits you.
You shoot a bolt. The bolt pierces through the centaur!
The centaur is heavily wounded.
The centaur shoots an arrow.
The arrow hits you.
The centaur shoots an arrow.
The arrow closely misses you.
You shoot a bolt. The bolt pierces through the centaur!!
You kill the centaur!
Okawaru accepts your kill.
A two-headed ogre comes into view.
It is wielding a +0 giant club and a +0 giant spiked club.
You shoot a bolt.
The bolt pierces through the two-headed ogre!!
The two-headed ogre is heavily wounded.
You shoot a bolt.
The bolt pierces through the two-headed ogre!
The two-headed ogre is severely wounded.
The bolt pierces through the centaur!
You kill the centaur!
Okawaru accepts your kill.
You shoot a bolt.
The bolt barely misses the two-headed ogre.
The centaur shoots an arrow.
The arrow hits you but does no damage.
The two-headed ogre hits you with a +0 giant club.
The two-headed ogre barely misses you.
The centaur shoots an arrow.
The arrow hits you.
9960 ||| READING 3 scrolls of teleportation.
As you read the scroll of teleportation, it crumbles to dust.
You feel strangely unstable.
The vampire mosquito bites you but does no damage.
The vampire mosquito bites you!
The centaur shoots an arrow.
The arrow hits you! The water moccasin bites you.
You die...

#...<...........
#...............
#..###########..
#.># #..# #..# #
#..###########c#
......S....#
).....y@O..#
...........'...
...........#...
?..........# .
........[..#
#########...
.... .....


You could see a two-headed ogre, a water moccasin, a vampire mosquito and a
centaur.

Vanquished Creatures
  Harold (D:11)
  4 two-headed ogres
  Pikel (D:7)
  A deep elf pyromancer (D:8)
  A manticore (D:11)
  2 cyclopes
  Maurice (D:8)
  An unseen horror (D:11)
  A hornet (D:8)
  Grinder (D:6)
  Sigmund (D:3)
  A shadow (D:11)
  4 wyverns
  A steam dragon (D:8)
  Eustachio (D:4)
  35 yaks
  2 vampire mosquitoes (D:11)
  A two-headed ogre zombie (D:9)
  An acid dragon (D:11)
  Duvessa (D:5)
  4 water moccasins
  6 orc warriors
  2 sky beasts
  A black bear (D:5)
  An ice beast (D:6)
  An ogre (D:4)
  3 phantoms
  10 centaurs
  3 lemures (D:7)
  A kobold brigand (D:11)
  Blork the orc (D:5)
  2 bullfrogs
  2 gnoll sergeants
  2 scorpions (D:6)
  4 wights (D:8)
  Dowan (D:5)
  10 killer bees
  3 troll zombies (D:9)
  2 howler monkeys
  2 electric eels (D:7)
  A gnoll bouda (D:4)
  5 orc priests
  2 hounds
  3 jellies
  4 sleepcaps
  4 iguanas
  4 orc wizards
  4 ogre zombies (D:9)
  15 gnolls
  7 adders
  A shadow imp (D:7)
  A white imp (D:5)
  An ufetubus (D:6)
  3 worms
  2 dart slugs
  60 orcs
  4 bats
  8 endoplasms
  3 giant cockroaches
  7 goblins
  9 hobgoblins
  8 jackals
  9 kobolds
  A quokka (D:4)
  6 ball pythons
  2 frilled lizards (D:2)
  3 goblin zombies (D:9)
  2 hobgoblin skeletons (D:9)
  4 hobgoblin zombies (D:9)
  2 orc skeletons (D:9)
  14 orc zombies (D:9)
  5 rats
327 creatures vanquished.

Notes
Turn   | Place    | Note
-------+----------+-------------------------------------------
     0 | D:1      | qw the Gargoyle Hunter began the quest for the Orb.
     0 | D:1      | Reached XP level 1. HP: 12/12 MP: 1/1
     0 | D:1      | 0 ||| qw: Version: 0.3-a-76-g4403597
     0 | D:1      | 0 ||| qw: Game counter: 998
     0 | D:1      | 0 ||| qw: Melee chars always use a shield: true
     0 | D:1      | 0 ||| qw: God list: Okawaru
     0 | D:1      | 0 ||| qw: Allow faded altars: false
     0 | D:1      | 0 ||| qw: Do Orc after clearing Dungeon:15 true
     0 | D:1      | 0 ||| qw: Do second Lair branch before Depths: true
     0 | D:1      | 0 ||| qw: Lair rune preference: random
     0 | D:1      | 0 ||| qw: Goals: Normal
     0 | D:1      | 0 ||| PLANNING D:1-11
    73 | D:1      | Reached XP level 2. HP: 17/17 MP: 2/2
   378 | D:1      | Reached XP level 3. HP: 21/21 MP: 3/3
   572 | D:1      | Reached skill level 5 in Ranged Weapons
   741 | D:1      | 741 ||| READING scroll labelled ATAPHU VYEBRA.
   742 | D:1      | 742 ||| READING scroll labelled ULELAETHRERI.
   743 | D:1      | 743 ||| DROPPING scroll of butterflies.
   931 | D:2      | Reached skill level 3 in Fighting
   955 | D:2      | Found a runed translucent door.
   956 | D:2      | Noticed Crazy Yiuf
   993 | D:2      | Reached XP level 4. HP: 28/28 MP: 4/4
  1070 | D:2      | Found a faded altar of an unknown god.
  1453 | D:2      | 1453 ||| UPGRADING to ring of protection from cold.
  1454 | D:2      | 1454 ||| READING scroll labelled LUNAVV FOUTEDD.
  1498 | D:2      | 1498 ||| READING 3 scrolls labelled CENEBR LUAG.
  1499 | D:2      | 1499 ||| READING 3 scrolls of identify.
  1499 | D:2      | 1499 ||| IDENTIFYING cyan potion
  1500 | D:2      | 1500 ||| READING 2 scrolls of identify.
  1500 | D:2      | 1500 ||| IDENTIFYING bubbling silvery potion
  1501 | D:2      | 1501 ||| DROPPING potion of degeneration.
  1502 | D:2      | 1502 ||| DROPPING potion of brilliance.
  1503 | D:2      | 1503 ||| DROPPING 2 scrolls of immolation.
  1613 | D:3      | Reached XP level 5. HP: 32/32 MP: 5/5
  1674 | D:3      | Reached skill level 6 in Ranged Weapons
  1694 | D:3      | Noticed Sigmund
  1705 | D:3      | Killed Sigmund
  1706 | D:3      | Reached XP level 6. HP: 40/40 MP: 6/6
  2351 | D:3      | 2351 ||| UPGRADING to +0 ring mail.
  2361 | D:3      | 2361 ||| DROPPING +0 leather armour.
  2362 | D:3      | 2362 ||| UPGRADING to +6 ring of strength.
  2363 | D:3      | 2363 ||| READING scroll labelled YLABUMIAMP.
  2468 | D:4      | Reached skill level 1 in Armour
  2548 | D:4      | Reached XP level 7. HP: 44/44 MP: 7/7
  2562 | D:4      | Noticed Eustachio
  2566 | D:4      | Reached skill level 7 in Ranged Weapons
  2568 | D:4      | 2568 ||| RETREATING.
  2570 | D:4      | 2570 ||| RETREATING.
  2571 | D:4      | 2571 ||| Stepping ~*~*~tactically~*~*~ (retreating).
  2575 | D:4      | 2575 ||| Stepping ~*~*~tactically~*~*~ (retreating).
  2579 | D:4      | 2579 ||| RETREATING.
  2605 | D:4      | 2605 ||| Stepping ~*~*~tactically~*~*~ (retreating).
  2606 | D:4      | 2606 ||| RETREATING.
  2615 | D:4      | Killed Eustachio
  2725 | D:4      | 2725 ||| RETREATING.
  2742 | D:4      | Reached skill level 8 in Ranged Weapons
  2816 | D:4      | Found Idghyotsu's Jewellery Shoppe.
  2825 | D:4      | 2825 ||| SHOPLISTING +6 ring of strength (504 gold, have
                  | 162).
  2825 | D:4      | 2825 ||| SHOPLISTING ring of fire (350 gold, have 162).
  2825 | D:4      | 2825 ||| SHOPLISTING ring of resist corrosion (280 gold,
                  | have 162).
  2825 | D:4      | 2825 ||| SHOPLISTING ring of willpower (350 gold, have
                  | 162).
  3103 | D:4      | Found a glowing golden altar of the Shining One.
  3107 | D:4      | Found a hazy altar of Hepliaklqana.
  3111 | D:4      | Found an ornate altar of the Wu Jian Council.
  3191 | D:4      | 3191 ||| READING scroll labelled ROTSUM COZI.
  3192 | D:4      | 3192 ||| READING scroll labelled HYGGEJ BUUTI.
  3193 | D:4      | 3193 ||| READING scroll labelled XAPNUO EMNEI.
  3194 | D:4      | 3194 ||| READING scroll labelled XENGIZX GYSCH.
  3224 | D:4      | 3224 ||| READING scroll labelled HEVENT RAGRA.
  3241 | D:5      | Entered Level 5 of the Dungeon
  3263 | D:5      | Reached XP level 8. HP: 48/49 MP: 8/8
  3341 | D:5      | Reached skill level 9 in Ranged Weapons
  3431 | D:5      | Identified the +0 ring mail of Hawkay {Regen+}
  3507 | D:5      | Found a stormy altar of Qazlal.
  3508 | D:5      | Noticed Blork the orc
  3514 | D:5      | Killed Blork the orc
  3516 | D:5      | Noticed a water elemental
  3516 | D:5      | Noticed an air elemental
  3674 | D:5      | Noticed Dowan
  3674 | D:5      | Noticed Duvessa
  3678 | D:5      | Killed Dowan
  3679 | D:5      | Reached skill level 6 in Fighting
  3691 | D:5      | Killed Duvessa
  3846 | D:5      | 3846 ||| SWAPPING to +0 orcbow.
  3847 | D:5      | 3847 ||| DROPPING +1 shortbow of draining.
  4009 | D:5      | 4009 ||| UPGRADING to +0 ring mail of Hawkay {Regen+}.
  4019 | D:5      | 4019 ||| DROPPING +0 ring mail.
  4020 | D:5      | 4020 ||| UPGRADING to +0 cloak.
  4025 | D:5      | 4025 ||| UPGRADING to +3 leather armour of fire resistance.
  4035 | D:5      | 4035 ||| READING 4 scrolls labelled UTWUCOL CEIS.
  4036 | D:5      | 4036 ||| READING scroll labelled CIONWUR IFEAMA.
  4037 | D:5      | 4037 ||| READING 2 scrolls labelled HUAZXA ONUA.
  4138 | D:5      | 4138 ||| DROPPING scroll of silence.
  4139 | D:5      | 4139 ||| DROPPING 3 scrolls of amnesia.
  4277 | D:6      | Noticed Grinder
  4283 | D:6      | Paralysed by Grinder for 2 turns
  4289 | D:6      | Killed Grinder
  4472 | D:6      | Reached skill level 10 in Ranged Weapons
  4472 | D:6      | Reached XP level 9. HP: 55/55 MP: 9/9
  4580 | D:6      | Reached skill level 3 in Dodging
  4794 | D:6      | 4794 ||| UPGRADING to +0 pair of gloves.
  4799 | D:6      | 4799 ||| UPGRADING to amulet of faith.
  4804 | D:6      | 4804 ||| READING scroll labelled IRYDAF EPLULO.
  4805 | D:6      | 4805 ||| READING 2 scrolls of identify.
  4805 | D:6      | 4805 ||| IDENTIFYING ruby potion
  4827 | D:7      | 4827 ||| STAIRDANCE
  4834 | D:7      | 4834 ||| STAIRDANCE
  4852 | D:7      | 4852 ||| STAIRDANCE
  4864 | D:7      | 4864 ||| STAIRDANCE
  4934 | D:7      | 4934 ||| FLEEEEING.
  5205 | D:7      | Noticed Pikel
  5223 | D:7      | Killed Pikel
  5224 | D:7      | Reached skill level 11 in Ranged Weapons
  5355 | D:7      | 5355 ||| Stepping ~*~*~tactically~*~*~ (outnumbered).
  5357 | D:7      | 5357 ||| Stepping ~*~*~tactically~*~*~ (outnumbered).
  5375 | D:7      | 5375 ||| FLEEEEING.
  5434 | D:7      | Found a staircase to the Ecumenical Temple.
  5435 | D:7      | 5435 ||| PLANNING TEMPLE
  5435 | D:7      | 5435 ||| DRINKING 2 black potions.
  5436 | D:7      | 5436 ||| DRINKING 3 glowing brown potions.
  5455 | D:7      | 5455 ||| READING 2 scrolls of identify.
  5455 | D:7      | 5455 ||| IDENTIFYING golden potion
  5456 | D:7      | 5456 ||| DROPPING 2 potions of lignification.
  5461 | Temple   | Entered the Ecumenical Temple
  5462 | Temple   | 5462 ||| PLANNING OKAWARU WORSHIP
  5472 | Temple   | Became a worshipper of Warmaster Okawaru
  5473 | Temple   | 5473 ||| PLANNING D:1-11
  5701 | D:8      | 5701 ||| RETREATING.
  5730 | D:8      | HP: 10/59 [wight/+0 hand axe (6)]
  5731 | D:8      | 5731 ||| READING scroll of teleportation.
  5732 | D:8      | 5732 ||| DRINKING potion of heal wounds.
  5787 | D:8      | HP: 7/59 [centaur/arrow (14)]
  6051 | D:8      | Reached XP level 10. HP: 64/64 MP: 10/10
  6108 | D:8      | Reached * piety under Okawaru
  6123 | D:8      | Noticed a deep elf pyromancer
  6133 | D:8      | 6133 ||| INVOKING Heroism.
  6144 | D:8      | Killed a deep elf pyromancer
  6145 | D:8      | Reached skill level 12 in Ranged Weapons
  6352 | D:8      | 6352 ||| INVOKING Heroism.
  6353 | D:8      | 6353 ||| INVOKING Heroism.
  6367 | D:8      | 6367 ||| INVOKING Heroism.
  6374 | D:8      | Reached skill level 1 in Invocations
  6374 | D:8      | 6374 ||| FLEEEEING.
  6375 | D:8      | 6375 ||| FLEEEEING.
  6376 | D:8      | 6376 ||| FLEEEEING.
  6377 | D:8      | 6377 ||| FLEEEEING.
  6378 | D:8      | 6378 ||| FLEEEEING.
  6379 | D:8      | 6379 ||| FLEEEEING.
  6380 | D:8      | 6380 ||| FLEEEEING.
  6381 | D:8      | 6381 ||| FLEEEEING.
  6382 | D:8      | 6382 ||| FLEEEEING.
  6383 | D:8      | 6383 ||| FLEEEEING.
  6384 | D:8      | 6384 ||| FLEEEEING.
  6385 | D:8      | 6385 ||| FLEEEEING.
  6386 | D:8      | 6386 ||| FLEEEEING.
  6387 | D:8      | 6387 ||| FLEEEEING.
  6388 | D:8      | 6388 ||| FLEEEEING.
  6390 | D:8      | 6390 ||| FLEEEEING.
  6391 | D:8      | 6391 ||| FLEEEEING.
  6392 | D:8      | 6392 ||| FLEEEEING.
  6393 | D:8      | 6393 ||| FLEEEEING.
  6394 | D:8      | 6394 ||| FLEEEEING.
  6395 | D:8      | 6395 ||| FLEEEEING.
  6396 | D:8      | 6396 ||| FLEEEEING.
  6397 | D:8      | 6397 ||| FLEEEEING.
  6398 | D:8      | 6398 ||| FLEEEEING.
  6399 | D:8      | 6399 ||| FLEEEEING.
  6400 | D:8      | 6400 ||| FLEEEEING.
  6401 | D:8      | 6401 ||| FLEEEEING.
  6402 | D:8      | 6402 ||| FLEEEEING.
  6403 | D:8      | 6403 ||| FLEEEEING.
  6404 | D:8      | 6404 ||| FLEEEEING.
  6405 | D:8      | 6405 ||| FLEEEEING.
  6406 | D:8      | 6406 ||| FLEEEEING.
  6407 | D:8      | 6407 ||| FLEEEEING.
  6408 | D:8      | 6408 ||| FLEEEEING.
  6409 | D:8      | 6409 ||| FLEEEEING.
  6410 | D:8      | 6410 ||| STAIRDANCE
  6485 | D:7      | 6485 ||| DRINKING 2 sapphire potions.
  6488 | D:8      | 6488 ||| STAIRDANCE
  6681 | D:8      | Identified the +6 quarterstaff of Perversion {elec, Int+6
                  | Dex-3 SInv Stlth+}
  6886 | D:8      | 6886 ||| READING scroll of enchant weapon.
  6886 | D:8      | 6886 ||| ENCHANTING +0 orcbow.
  6967 | D:8      | Noticed Maurice
  6973 | D:8      | 6973 ||| FLEEEEING.
  7049 | D:8      | Killed Maurice
  7220 | D:8      | 7220 ||| INVOKING Heroism.
  7223 | D:8      | Reached skill level 3 in Invocations
  7354 | D:8      | 7354 ||| INVOKING Heroism.
  7517 | D:8      | 7517 ||| UPGRADING to +0 helmet.
  7522 | D:8      | 7522 ||| READING scroll labelled FEHUIKHLUBO.
  7618 | D:9      | Found Sicwiath's Antique Weapon Shoppe.
  7631 | D:9      | 7631 ||| BUYING pitted arbalest (237 gold).
  7631 | D:9      | Bought a pitted arbalest for 237 gold pieces
  7631 | D:9      | Identified the +8 arbalest "Vearepp" {penet, rF+ rCorr
                  | Int+2} (You bought it in a shop on level 9 of the Dungeon)
  7631 | D:9      | 7631 ||| SWAPPING to +8 arbalest "Vearepp" {penet, rF+
                  | rCorr Int+2}.
  7632 | D:9      | 7632 ||| DROPPING +1 orcbow.
  7648 | D:9      | 7648 ||| RETREATING.
  7654 | D:9      | 7654 ||| Stepping ~*~*~tactically~*~*~ (retreating).
  7655 | D:9      | 7655 ||| Stepping ~*~*~tactically~*~*~ (retreating).
  7656 | D:9      | 7656 ||| Stepping ~*~*~tactically~*~*~ (retreating).
  7657 | D:9      | 7657 ||| Stepping ~*~*~tactically~*~*~ (retreating).
  7658 | D:9      | 7658 ||| Stepping ~*~*~tactically~*~*~ (retreating).
  7659 | D:9      | 7659 ||| Stepping ~*~*~tactically~*~*~ (retreating).
  7660 | D:9      | 7660 ||| Stepping ~*~*~tactically~*~*~ (retreating).
  7661 | D:9      | 7661 ||| Stepping ~*~*~tactically~*~*~ (retreating).
  7662 | D:9      | 7662 ||| Stepping ~*~*~tactically~*~*~ (retreating).
  7666 | D:9      | Reached ** piety under Okawaru
  7667 | D:9      | Reached skill level 3 in Armour
  7803 | D:9      | Noticed a two-headed ogre
  7804 | D:9      | 7804 ||| RETREATING.
  7806 | D:9      | 7806 ||| INVOKING Heroism.
  7808 | D:9      | Reached skill level 13 in Ranged Weapons
  7810 | D:9      | Killed a two-headed ogre
  7810 | D:9      | Reached *** piety under Okawaru
  7811 | D:9      | Reached skill level 9 in Fighting
  7940 | D:9      | Noticed a two-headed ogre
  7941 | D:9      | 7941 ||| INVOKING Heroism.
  7946 | D:9      | Killed a two-headed ogre
  7947 | D:9      | Reached XP level 11. HP: 71/71 MP: 11/14
  7983 | D:9      | 7983 ||| INVOKING Heroism.
  8066 | D:9      | 8066 ||| Stepping ~*~*~tactically~*~*~ (retreating).
  8080 | D:9      | 8080 ||| FLEEEEING.
  8081 | D:9      | 8081 ||| FLEEEEING.
  8082 | D:9      | 8082 ||| FLEEEEING.
  8083 | D:9      | 8083 ||| FLEEEEING.
  8084 | D:9      | 8084 ||| FLEEEEING.
  8085 | D:9      | 8085 ||| FLEEEEING.
  8086 | D:9      | 8086 ||| FLEEEEING.
  8087 | D:9      | 8087 ||| FLEEEEING.
  8088 | D:9      | 8088 ||| FLEEEEING.
  8089 | D:9      | 8089 ||| FLEEEEING.
  8090 | D:9      | 8090 ||| FLEEEEING.
  8091 | D:9      | 8091 ||| STAIRDANCE
  8136 | D:8      | 8136 ||| UPGRADING to ring of see invisible.
  8138 | D:8      | 8138 ||| UPGRADING to ring of protection from cold.
  8140 | D:8      | 8140 ||| READING scroll labelled CUDOSK KINATHRO.
  8141 | D:8      | 8141 ||| READING 3 scrolls of identify.
  8141 | D:8      | 8141 ||| IDENTIFYING fuming orange potion
  8142 | D:8      | 8142 ||| READING 2 scrolls of identify.
  8142 | D:8      | 8142 ||| IDENTIFYING fuming pink potion
  8149 | D:9      | 8149 ||| STAIRDANCE
  8162 | D:9      | Noticed a cyclops
  8163 | D:9      | 8163 ||| INVOKING Heroism.
  8167 | D:9      | Killed a cyclops
  8179 | D:9      | Received a gift from Okawaru
  8181 | D:9      | Reached skill level 14 in Ranged Weapons
  8182 | D:9      | 8182 ||| FLEEEEING.
  8183 | D:9      | 8183 ||| FLEEEEING.
  8186 | D:9      | 8186 ||| STAIRDANCE
  8269 | D:9      | 8269 ||| STAIRDANCE
  8276 | D:9      | 8276 ||| STAIRDANCE
  8335 | D:9      | 8335 ||| INVOKING Heroism.
  8338 | D:9      | 8338 ||| Stepping ~*~*~tactically~*~*~ (retreating).
  8393 | D:9      | Found Ahylioq's Assorted Antiques.
  8400 | D:9      | 8400 ||| BUYING copper wand (96 gold).
  8400 | D:9      | Bought a copper wand for 96 gold pieces
  8400 | D:9      | 8400 ||| SHOPLISTING obsidian-encrusted ring mail (216
                  | gold, have 208).
  8503 | D:9      | Found a staircase to the Orcish Mines.
  8591 | D:9      | Found Qeskec's Magic Scroll Boutique.
  8595 | D:9      | 8595 ||| BUYING 2 scrolls of identify (44 gold).
  8595 | D:9      | Bought 2 scrolls of identify for 44 gold pieces
  8595 | D:9      | 8595 ||| BUYING scroll of identify (22 gold).
  8595 | D:9      | Bought a scroll of identify for 22 gold pieces
  8595 | D:9      | 8595 ||| BUYING scroll of identify (22 gold).
  8595 | D:9      | Bought a scroll of identify for 22 gold pieces
  8595 | D:9      | 8595 ||| BUYING scroll of teleportation (33 gold).
  8595 | D:9      | Bought a scroll of teleportation for 33 gold pieces
  8595 | D:9      | 8595 ||| BUYING scroll of teleportation (33 gold).
  8595 | D:9      | Bought a scroll of teleportation for 33 gold pieces
  8595 | D:9      | 8595 ||| BUYING scroll of teleportation (33 gold).
  8595 | D:9      | Bought a scroll of teleportation for 33 gold pieces
  8657 | D:9      | 8657 ||| READING 5 scrolls of identify.
  8657 | D:9      | 8657 ||| IDENTIFYING murky puce potion
  8658 | D:9      | 8658 ||| DROPPING wand of flame (9).
  8682 | D:10     | Entered Level 10 of the Dungeon
  8685 | D:10     | 8685 ||| STAIRDANCE
  8762 | D:10     | Noticed qw's ghost (novice GrHu)
  8874 | D:10     | Reached **** piety under Okawaru
  8938 | D:10     | Noticed a two-headed ogre
  8939 | D:10     | 8939 ||| INVOKING Heroism.
  8944 | D:10     | Killed a two-headed ogre
  9086 | D:10     | 9086 ||| RETREATING.
  9172 | D:10     | Found a runed translucent door.
  9437 | D:10     | 9437 ||| RETREATING.
  9555 | D:10     | 9555 ||| DROPPING amulet of magic regeneration.
  9589 | D:11     | 9589 ||| Stepping ~*~*~tactically~*~*~ (outnumbered).
  9591 | D:11     | 9591 ||| Stepping ~*~*~tactically~*~*~ (outnumbered).
  9593 | D:11     | 9593 ||| Stepping ~*~*~tactically~*~*~ (outnumbered).
  9596 | D:11     | 9596 ||| Stepping ~*~*~tactically~*~*~ (outnumbered).
  9597 | D:11     | 9597 ||| Stepping ~*~*~tactically~*~*~ (outnumbered).
  9598 | D:11     | 9598 ||| Stepping ~*~*~tactically~*~*~ (outnumbered).
  9642 | D:11     | 9642 ||| RETREATING.
  9645 | D:11     | 9645 ||| RETREATING.
  9656 | D:11     | Reached ***** piety under Okawaru
  9662 | D:11     | Reached skill level 6 in Invocations
  9674 | D:11     | Noticed a manticore
  9675 | D:11     | 9675 ||| INVOKING Heroism.
  9678 | D:11     | Killed a manticore
  9679 | D:11     | Reached skill level 15 in Ranged Weapons
  9691 | D:11     | Found a runed translucent gate.
  9692 | D:11     | Found a runed translucent gate.
  9692 | D:11     | Noticed limozeen581's ghost (journeyman DEHW)
  9693 | D:11     | Found a runed translucent gate.
  9694 | D:11     | Noticed an 11-headed hydra
  9701 | D:11     | 9701 ||| RETREATING.
  9703 | D:11     | 9703 ||| RETREATING.
  9705 | D:11     | 9705 ||| RETREATING.
  9706 | D:11     | Received a gift from Okawaru
  9707 | D:11     | Reached XP level 12. HP: 77/77 MP: 16/16
  9708 | D:11     | 9708 ||| Stepping ~*~*~tactically~*~*~ (retreating).
  9780 | D:11     | 9780 ||| Stepping ~*~*~tactically~*~*~ (outnumbered).
  9884 | D:11     | Noticed Harold
  9885 | D:11     | 9885 ||| INVOKING Heroism.
  9889 | D:11     | Killed Harold
  9893 | D:11     | Noticed a two-headed ogre
  9896 | D:11     | Killed a two-headed ogre
  9896 | D:11     | Noticed a centaur warrior
  9900 | D:11     | Noticed a boulder beetle
  9901 | D:11     | 9901 ||| INVOKING Finesse.
  9902 | D:11     | 9902 ||| Stepping ~*~*~tactically~*~*~ (retreating).
  9903 | D:11     | 9903 ||| Stepping ~*~*~tactically~*~*~ (retreating).
  9904 | D:11     | 9904 ||| RETREATING.
  9904 | D:11     | HP: 8/77 [centaur warrior/arrow (20)]
  9905 | D:11     | 9905 ||| READING 5 scrolls of teleportation.
  9905 | D:11     | HP: 3/77 [centaur/arrow (5)]
  9906 | D:11     | 9906 ||| DRINKING 2 potions of heal wounds.
  9907 | D:11     | 9907 ||| Stepping ~*~*~tactically~*~*~ (retreating).
  9923 | D:11     | 9923 ||| INVOKING Heroism.
  9934 | D:11     | 9934 ||| Stepping ~*~*~tactically~*~*~ (outnumbered).
  9934 | D:11     | HP: 19/77 [centaur/arrow (3)]
  9935 | D:11     | 9935 ||| READING 4 scrolls of teleportation.
  9936 | D:11     | 9936 ||| DRINKING potion of heal wounds.
  9956 | D:11     | Noticed a two-headed ogre
  9959 | D:11     | HP: 19/77 [centaur/arrow (1)]
  9960 | D:11     | 9960 ||| READING 3 scrolls of teleportation.
  9960 | D:11     | HP: 2/77 [centaur/arrow (9)]
  9960 | D:11     | Slain by a water moccasin

Levels and vault maps discovered:
D:1:      minmay_arrival_wavy_path, layout_basic
D:2:      layout_loops_ring, basic_ecumenical_altar, uniq_crazy_yiuf_cottage
D:3:      minmay_door_path, layout_loops_ring, serial_bayou_pond_e, st_stairs_3,
          small_statue_intersection, uniq_sigmund
D:4:      layout_loops_ring, grunt_temple_overflow_diamond, serial_shops, shop,
          uniq_eustachio
D:5:      layout_loops_ring, nicolae_qazlal_style_of_elements, uniq_duvessa,
          uniq_blork_the_orc
D:6:      layout_loops_cross, uniq_grinder
D:7:      layout_rooms, temple_statues, serial_bayou_lake_a, uniq_pikel
D:8:      layout_gridville, special_room [special_room_orc],
          roderic_serpentine_path, minmay_misc_feat_alley, uniq_maurice
D:9:      layout_roguey [special_room_orc], zombieorc2_lemuel, serial_shops,
          nicolae_shop_gibbet_a_chance, shop, shop
D:10:     layout_gridville, hellmonk_ghost_happy_afterlife
D:11:     layout_irregular_city, minmay_lair_entry_grove,
          gammafunk_ghost_hydra_chop, nzn_random_ring, uniq_harold
Temple:   mainiacjoe_temple_coin_purse

Skill      XL: |  1  2  3  4  5  6  7  8  9 10 11 12 |
---------------+-------------------------------------+-----
Ranged Weapons | 5 6 8 10 11 13 15 | 15.2
Fighting       | 3 5 6 8 9 10 | 10.0
Armour         | 1 2 3 4 |  4.0
Dodging        | 2 3 4 5 |  5.0
Invocations    | 4 6 8 |  8.5
Stealth        | |  1.1

Action                     |  1- 3 |  4- 6 |  7- 9 | 10-12 || total
---------------------------+-------+-------+-------+-------++-------
   Fire: Shortbow          |    92 |    94 |   184 |       ||   370
         Orcbow            |       |       |   240 |   135 ||   375
         Arbalest          |       |       |       |   251 ||   251
 Invoke: Heroism           |       |       |       |    14 ||    14
         Finesse           |       |       |       |     1 ||     1
    Use: Scroll            |     2 |     5 |    12 |     9 ||    28
         Potion            |       |       |     3 |     3 ||     6
 Armour: Leather armour    |    34 |     3 |   132 |   141 ||   310
         Ring mail         |       |       |    46 |       ||    46
  Dodge: Dodged            |    13 |    12 |   136 |   147 ||   308

Table legend:
 A = Non-vault XP
 B = Vault XP
 C = Vault XP percentage of total XP
 D = Non-vault monster count
 E = Vault monster count
 F = Vault count percentage of total count
                 A         B        C        D         E       F
            +---------+---------+-------+---------+---------+-------
      Total |   16253 |    8863 |  35.3 |     210 |     114 |  35.2
            +---------+---------+-------+---------+---------+-------
        D:1 |      47 |       0 |   0.0 |      18 |       0 |   0.0
        D:2 |      92 |       0 |   0.0 |      25 |       0 |   0.0
        D:3 |      83 |     262 |  75.9 |      15 |       5 |  25.0
        D:4 |     501 |     197 |  28.2 |      28 |       1 |   3.4
        D:5 |     483 |     312 |  39.2 |      16 |       3 |  15.8
        D:6 |     707 |     262 |  27.0 |      10 |       1 |   9.1
        D:7 |     559 |     666 |  54.4 |      14 |       2 |  12.5
        D:8 |    2202 |     841 |  27.6 |      21 |      22 |  51.2
        D:9 |    4789 |    1339 |  21.9 |      23 |      61 |  72.6
       D:10 |    3297 |       0 |   0.0 |      17 |       0 |   0.0
       D:11 |    3493 |    4984 |  58.8 |      23 |      19 |  45.2
            +---------+---------+-------+---------+---------+-------
